 Dungeon Crawl Stone Soup version 0.28.0 (webtiles) character file.

Game seed: 10334020258296998137

103 Minsecho the Chopper (level 4, 0/40 HPs)
             Began as a Hill Orc Monk on Feb 5, 2022.
             Was a Believer of Makhleb.
             Shot with an arrow by a centaur (10 damage)
             ... on level 3 of the Dungeon.
             The game lasted 00:04:21 (3301 turns).

Minsecho the Chopper (Hill Orc Monk)                Turns: 3301, Time: 00:04:22

Health: 0/40       AC:  5    Str: 15    XL:     4   Next: 79%
Magic:  4/4        EV: 11    Int: 10    God:    Makhleb [**....]
Gold:   79         SH:  0    Dex: 13    Spells: 3/3 levels left

rFire   . . .      SeeInvis .   a - +0 hand axe
rCold   . . .      Faith    .   (no shield)
rNeg    . . .      Spirit   .   g - +0 ring mail
rPois   .          Reflect  .   (no helmet)
rElec   .          Harm     .   (no cloak)
rCorr   .          Rampage  .   (no gloves)
Will    .....                   (no boots)
Stlth   +.........              (no amulet)
HPRegen 0.13/turn               (no ring)
MPRegen 0.09/turn               (no ring)

@: invisible
A: no striking features
a: Renounce Religion, Minor Destruction


You were on level 3 of the Dungeon.
You worshipped Makhleb.
Makhleb was pleased with you.
You visited 1 branch of the dungeon, and saw 3 of its levels.

You collected 79 gold pieces.

Inventory:

Hand Weapons
 a - a +0 hand axe (weapon)
 n - a +2 mace of protection
Armour
 b - a +0 robe
 g - a +0 ring mail (worn)
Magical Staves
 m - a staff of fire
Scrolls
 d - 2 scrolls of identify {unknown}
 i - 2 scrolls of blinking {unknown}
 j - a scroll of summoning {unknown}
 l - 2 scrolls of fear {unknown}
Potions
 c - a potion of invisibility
 e - a potion of might {unknown}
 f - a potion of curing {unknown}
 h - a potion of haste {unknown}
 k - a potion of degeneration {unknown}
 o - a potion of heal wounds {unknown}


   Skills:
 + Level 4.3 Fighting
 + Level 6.1 Axes
 + Level 0.6 Armour
 + Level 2.8 Dodging
 - Level 1.5 Stealth


You had 3 spell levels left.
You didn't know any spells.
Your spell library contained the following spells:

 Spells                   Type           Power      Damage    Failure   Level
 Summon Small Mammal      Summ           0%         N/A       58%         1
 Call Canine Familiar     Summ           0%         N/A       92%         3
 Summon Guardian Golem    Hex/Summ       0%         N/A       92%         3


Dungeon Overview and Level Annotations

Branches:
Dungeon (3/15)

Altars:
Makhleb
Trog
Wu Jian

Shops:
D:1 (

Annotations:
D:3 2 transporters


Message History

* * * LOW HITPOINT WARNING * * *
You barely miss the centaur.
The centaur is moderately wounded.
The centaur hits you but does no damage.
The centaur closely misses you.
You hit the centaur.
The centaur is heavily wounded.
The centaur completely misses you.
The centaur kicks you but does no damage.
The centaur hits you.
* * * LOW HITPOINT WARNING * * *
The centaur kicks you.
* * * LOW HITPOINT WARNING * * *
It was a potion of invisibility.
You fade into invisibility!
The centaur barely misses you. x2
Okay, then.
You hit the centaur but do no damage.
The centaur is heavily wounded.
The centaur completely misses you. The centaur closely misses you.
The centaur barely misses you. x2
You catch the helpless centaur completely off-guard!
You hit the centaur but do no damage.
The centaur is heavily wounded.
The centaur barely misses you.
The centaur kicks you but does no damage.
You hit the centaur.
The centaur is heavily wounded.
The centaur barely misses you. x2; The centaur completely misses you.
The centaur kicks you but does no damage.
You barely miss the centaur.
The centaur is heavily wounded.
The centaur hits you but does no damage.
The centaur kicks you but does no damage.
You catch the helpless centaur completely off-guard!
You hit the centaur.
The centaur is severely wounded.
The centaur wields a +0 shortbow.
The centaur shoots an arrow.
The arrow barely misses you.
The centaur shoots an arrow.
The arrow hits you!
You die...

##############........#
#......<#........#
##.#######........#
#..........#.######
#....#######.# #....#
#.# #....# #.#
#....#########
#....@c.....#
#....###......# #....#
##....!.# #....#
###.... ###### #.. .


You could see a centaur.

Vanquished Creatures
  An orc wizard (D:3)
  An adder (D:3)
  2 worms (D:2)
  3 dart slugs
  2 orcs (D:3)
  6 endoplasms
  A giant cockroach (D:3)
  8 goblins
  2 hobgoblins
  3 jackals
  2 quokkas
  A ball python (D:1)
  5 bats
  2 frilled lizards
  8 kobolds
  7 rats
54 creatures vanquished.

Notes
Turn   | Place    | Note
-------+----------+-------------------------------------------
     0 | D:1      | Minsecho the Hill Orc Monk began the quest for the Orb.
     0 | D:1      | Reached XP level 1. HP: 19/19 MP: 1/1
   449 | D:1      | Reached XP level 2. HP: 27/27 MP: 2/2
   913 | D:1      | Found a faded altar of an unknown god.
   932 | D:1      | Reached XP level 3. HP: 33/33 MP: 3/3
   934 | D:1      | Found Wezegg's Weapon Shop.
  1145 | D:1      | Reached skill level 5 in Axes
  2557 | D:3      | Reached XP level 4. HP: 29/40 MP: 4/4
  2966 | D:3      | Found a bloodstained altar of Trog.
  2970 | D:3      | Noticed a scorpion
  2976 | D:3      | Noticed a black bear
  2981 | D:3      | Found a transporter.
  3000 | D:3      | Found a transporter.
  3012 | D:3      | Reached skill level 6 in Axes
  3179 | D:3      | Found an ornate altar of the Wu Jian Council.
  3186 | D:3      | Found a burning altar of Makhleb.
  3191 | D:3      | Became a worshipper of Makhleb the Destroyer
  3191 | D:3      | Reached * piety under Makhleb
  3191 | D:3      | Reached ** piety under Makhleb
  3278 | D:3      | Noticed a centaur
  3301 | D:3      | Shot with an arrow by a centaur

Illustrated notes

Levels and vault maps discovered:
D:1:      evilmike_arrival_rings, layout_rooms, ebering_ecumenical_altar_hall,
          serial_shops, shop, minmay_cut_off
D:2:      layout_basic, kennysheep_decorative_pillar
D:3:      layout_basic, gammafunk_temple_overflow_arena,
          mainiacjoe_overflow_big_doors, serial_curves, eino_curves_03,
          eino_curves_01, eino_curves_02, eino_curves_01, chequers_arboretum

Skill      XL: |  1  2  3  4 |
---------------+-------------+-----
Fighting       | 4 |  4.3
Axes           | 5 6 |  6.1
Armour         | |  0.6
Dodging        | |  2.8
Stealth        | |  1.5

Action                   |  1- 3 |  4- 6 || total
-------------------------+-------+-------++-------
Melee: Hand axe          |   147 |    73 ||   220
       Punch             |     4 |       ||     4
  Use: Potion            |       |     2 ||     2
 Stab: Sleeping          |     2 |       ||     2
       Invisible         |       |     2 ||     2
Armor: Robe              |    31 |       ||    31
       Ring mail         |     7 |    35 ||    42
       Skin              |       |     4 ||     4
Dodge: Dodged            |    73 |    43 ||   116
